 Dungeon Crawl Stone Soup version 0.30-a0-341-g682706514a (webtiles) character file.

Game seed: 11597590180518733677

115208 porpoise the Warrior (level 17, -5/131 HPs)
             Began as a Djinni Fire Elementalist on Nov 4, 2022.
             Was the Champion of Makhleb.
             Killed themself with a badly aimed burst of rock shards (10 damage)
             ... on level 1 of the Spider Nest on Nov 5, 2022.
             The game lasted 03:28:26 (29840 turns).

porpoise the Warrior (Djinni Fire Elementalist)    Turns: 29840, Time: 03:28:26

Health: -5/131     AC: 15    Str: 18    XL:     17   Next: 23%
Gold:   1259       EV: 16    Int: 39    God:    Makhleb [******] SH:  8 Dex: 17

rFire   + + +      SeeInvis +    b - staff of conjuration
rCold   . . .      Faith    .    j - +2 buckler {rC+}
rNeg    . . .      Spirit   .    k - +3 ring mail of the Evil One {+Blink rC+ Will+ Int+2}
rPois   ∞          Reflect  .    r - +1 hat {Int+3}
rElec   .          Harm     .    p - +0 cloak
rCorr   .          Rampage  .    m - +2 pair of gloves
Will    ++...                    (boots unavailable)
Stlth   +.........               T - amulet of regeneration
HPRegen 1.21/turn                H - ring "Soewk" {rC- Str+3 Int+8 SInv}
MPRegen 0.00/turn                g - ring "Cupne" {rF+ Str+6 Int+6}

@: about to teleport, flying, studying Evocations
A: sickness immunity, fire resistance 2, cold vulnerability 1, float, innate
caster, HP casting, extra vitality 1
a: Renounce Religion, Evoke Blink, Minor Destruction, Lesser Servant of Makhleb,
Major Destruction, Greater Servant of Makhleb


You were on level 1 of the Spider Nest.
You worshipped Makhleb.
Makhleb was exalted by your worship.
You visited 5 branches of the dungeon, and saw 24 of its levels.
You also visited: Bailey, Gauntlet and Ice Cave.

You collected 2209 gold pieces.
You spent 950 gold pieces at shops.

Inventory:

Hand Weapons
 a - the +10 rapier "Doweuss" {vorpal, Int+2}
   (You found it on level 6 of the Dungeon)

   It inflicts extra damage upon your enemies.
   Int:       It affects your intelligence (+2).
 w - a +1 demon blade of venom
Missiles
 A - 4 curare-tipped darts
Armour
 j - a +2 buckler of cold resistance (worn)
 k - the +3 ring mail of the Evil One (worn) {+Blink rC+ Will+ Int+2}
   (You found it on level 3 of the Lair of Beasts)

   Int:       It affects your intelligence (+2).
   rC:        It protects you from cold.
   +Blink:    It lets you blink.
   Will:      It increases your willpower.
 m - a +2 pair of gloves (worn)
 p - a +0 cloak (worn)
 r - a +1 hat of intelligence (worn)
 x - the +1 leather armour "Gueras" {-Cast Harm +Blink Dex-2}
   (You found it on level 1 of the Spider Nest)

   Dex:       It affects your dexterity (-2).
   +Blink:    It lets you blink.
   -Cast:     It prevents spellcasting.
   Harm:      It increases damage dealt and taken.
Magical Staves
 b - a staff of conjuration (weapon)
Jewellery
 c - the ring of Zyoleyd {rCorr AC+4 Str+4}
   (You found it on level 5 of the Dungeon)

   [ring of protection]

   AC:        It affects your AC (+4).
   Str:       It affects your strength (+4).
   rCorr:     It protects you from acid and corrosion.
 g - the ring "Cupne" (right hand) {rF+ Str+6 Int+6}
   (You acquired it on level 8 of the Dungeon)

   [ring of strength]

   Str:       It affects your strength (+6).
   Int:       It affects your intelligence (+6).
   rF:        It protects you from fire.
 u - a ring of positive energy
 H - the ring "Soewk" (left hand) {rC- Str+3 Int+8 SInv}
   (You found it on level 5 of the Dungeon)

   [ring of see invisible]

   Str:       It affects your strength (+3).
   Int:       It affects your intelligence (+8).
   rC:        It makes you vulnerable to cold.
   SInv:      It lets you see invisible.
 L - a ring of protection from cold
 T - an amulet of regeneration (around neck)
Wands
 d - a wand of digging (8)
 l - a wand of flame (47)
 I - a wand of mindburst (19)
 K - a wand of polymorph (9)
 O - a wand of quicksilver (5)
 U - a wand of roots (27)
 Y - a wand of charming (16)
Scrolls
 f - 3 scrolls of fear
 i - 2 scrolls of fog
 n - 4 scrolls of poison
 v - 2 scrolls of immolation
 y - 15 scrolls of teleportation
 E - 3 scrolls of magic mapping
 J - a scroll of summoning
 X - 7 scrolls of vulnerability
Potions
 e - a potion of invisibility
 h - 5 potions of cancellation
 o - 2 potions of haste
 q - 2 potions of attraction
 B - 8 potions of brilliance
 D - 9 potions of curing
 F - 2 potions of ambrosia
 G - 6 potions of might
 M - 7 potions of lignification
 R - 2 potions of resistance
Miscellaneous
 t - a tin of tremorstones (2/2)
 Q - a phial of floods


   Skills:
 - Level 15.0 Fighting
 - Level 10.0 Short Blades
 + Level 4.6 Throwing
 - Level 7.0 Armour
 + Level 9.8 Dodging
 - Level 1.5 Stealth
 - Level 7.0 Shields
 - Level 12.0 Spellcasting
 + Level 9.7 Invocations
 - Level 9.0 Evocations


You couldn't memorise any spells.
You knew the following spells:

 Your Spells              Type           Power      Damage    Failure   Level
a - Foxfire               Conj/Fire      100%       2x1d9     1%          1
b - Scorch                Fire           100%       2d10      1%          2
c - Kindle Blastsparks    Fire/Tloc/Air  100%       2d18      1%          3
d - Inner Flame           Hex/Fire       86%        N/A       1%          3
e - Flame Wave            Conj/Fire      100%       2d21      1%          4
f - Shock                 Conj/Air       100%       1d9       1%          1
g - Passwall              Tmut/Erth      71%        N/A       1%          2
h - Hailstorm             Conj/Ice       100%       3d20      1%          3
i - Animate Armour        Summ/Erth      100%       N/A       1%          4
j - Anguish               Hex/Necr       43%        N/A       1%          4
k - Silence               Hex/Air        43%        N/A       1%          5
l - Eringya's Noxious Bo  Tmut/Pois      43%        N/A       3%          6
m - Conjure Ball Lightni  Conj/Air       54%        3x3d20    3%          6
Your spell library was empty.

Dungeon Overview and Level Annotations

Branches:
Dungeon (15/15)            Temple (1/1) D:4            Lair (5/5) D:9
 Shoals (0/4) Lair:3       Spider (1/4) Lair:3        Slime (0/5) Lair:5
    Orc (2/2) D:12            Elf (0/3) Orc:2        Vaults (0/5) D:14
 Depths (0/4) D:15         Bailey (visited)           IceCv (visited)
Gauntlet (visited)

Altars:
Ashenzari
Cheibriados
Dithmenos
Elyvilon
Fedhas
Gozag
Hepliaklqana
Makhleb
Nemelex Xobeh
Okawaru
Qazlal
Ru
Trog
Uskayaw
Wu Jian
Xom
Yredelemnul
Zin
The Shining One
Lugonu

Shops:
D:10 [   D:12 **   D:14 ?   Orc:2 ?!(*

Portals:
Abyss: D:3

Annotations:
D:3 2 transporters, drewk1942's ghost, amateur DrEE
D:8 3 runed translucent doors, Darkkill's ghost, novice MiHu
D:11 2 transporters
Spider:1 Aizul
Orc:1 2 transporters, Moerroh's ghost, journeyman MiFi


Innate Abilities, Weirdness & Mutations

You are immune to sickness and miasma.
You are immune to poison.
Your flesh is very heat resistant. (rF++)
You are vulnerable to cold. (rC-)
You float through the air rather than walking.
You learn spells naturally, not from books.
Your magical power is your life essence.
You have superior vitality. (+4 MHP)


Message History

You feel a surge of power!
You create some ball lightning! 3 ball lightnings come into view.
Aizul festers in the toxic bog.
Aizul looks as sick as possible!
You block Aizul's attack.
Your noxious spew wanes.
Your ball lightning explodes!
The blast of lightning engulfs Aizul!
Aizul is lightly wounded.
Your ball lightning explodes!
The blast of lightning engulfs you!!
* * * LOW HITPOINT WARNING * * *
The blast of lightning engulfs Aizul!!
Aizul is moderately wounded.
The blast of lightning engulfs your ball lightning.
Your ball lightning completely resists.
Your ball lightning explodes!
The blast of lightning engulfs you!!
* * * LOW HITPOINT WARNING * * *
The blast of lightning engulfs Aizul!!!
Aizul is severely wounded.
Aizul barely misses you.
Okay, then.
Unknown command.
Okay, then.
Unknown command.
Blink to where?
Press: ? - help, Dir - move target
Found 22 gold pieces.
As you read the scroll of blinking, it crumbles to dust.
As you read the scroll of teleportation, it crumbles to dust.
You feel strangely unstable.
Aizul coils herself and waves her upper body at you.
The bolt of poison hits you but does no damage.
You resist.
Okay, then.
The tremorstone explodes into fragments!
The burst of rock shards engulfs Aizul.
The burst of rock shards engulfs Aizul!!
The burst of rock shards engulfs you!
You die...

... ... #........... ...
#..........# ... #..........#
... #..........# #....## ##
..........###....... #
#......$.##........ #
#......# #........ .# #.@##
#........ .
###.######........
##.....##?....... #
##......#..>...... ##.
#....S...##....... #...
#.........##......
....########.........##......
#. #..##..#.#.........# .....
#
#.###......##.(......#.......


You could see Aizul (extremely poisoned).

Vanquished Creatures
  Frances (Spider:1)
  Kirke (D:15)
  2 emperor scorpions (Spider:1)
  An orc warlord (Orc:2)
  A reaper (IceCv)
  A minotaur (Gauntlet)
  Josephine (D:11)
  A vault guard (D:14)
  6 hydras
  A merfolk avatar (Lair:5)
  A catoblepas (Lair:4)
  7 two-headed ogres
  5 centaur warriors
  4 boulder beetles
  2 tengu warriors (D:8)
  5 death yaks (Lair:2)
  6 orc high priests
  2 large abominations (Gauntlet)
  A pharaoh ant (Spider:1)
  2 sea snakes (Lair:5)
  A flayed ghost (D:14)
  2 orb spiders (Spider:1)
  2 steelbarb worms (Spider:1)
  Pikel (D:8)
  A lindwurm (Lair:4)
  A phantasmal warrior (D:15)
  4 deep elf pyromancers
  A harpy (Lair:5)
  A necromancer (D:15)
  5 wolf spiders (Spider:1)
  6 ugly things
  5 orc knights
  5 manticores
  6 orc sorcerers (Orc:2)
  A moth of wrath (shapeshifter) (D:14)
  4 cyclopes
  4 black mambas
  20 elephants
  A merfolk siren (Lair:3)
  A stone giant skeleton (D:15)
  2 ice statues (IceCv)
  10 cane toads
  A torpor snail (Spider:1)
  Maggie (D:7)
  2 efreet
  5 rime drakes
  A demonic crawler (Spider:1)
  An unseen horror (D:13)
  10 komodo dragons
  6 ice devils (IceCv)
  8 trolls
  2 hornets
  Prince Ribbit (D:8)
  A queen bee (shapeshifter) (D:15)
  A wind drake (Lair:5)
  2 tarantellas (Spider:1)
  5 polar bears
  19 blink frogs
  4 slime creatures (D:12)
  A spriggan zombie (D:15)
  9 jumping spiders (Spider:1)
  A snapping turtle (Lair:5)
  14 flying skulls (Gauntlet)
  A shadow (D:10)
  A centaur simulacrum (D:15)
  An ettin skeleton (D:15)
  5 wyverns
  2 culicivoras (Spider:1)
  4 basilisks
  5 wraiths (D:11)
  3 hogs (D:15)
  2 dire elephant simulacra (IceCv)
  50 yaks
  4 vampire mosquitoes (D:10)
  A death yak simulacrum (IceCv)
  17 redbacks
  Menkaure (D:7)
  A steam dragon (Lair:5)
  A hydra simulacrum (IceCv)
  5 wargs
  An acid dragon (D:14)
  Duvessa (D:5)
  12 water moccasins
  A black bear (D:4)
  2 ice beasts
  69 orc warriors
  2 sky beasts (D:8)
  3 boggarts (D:14)
  3 wolves (Lair:3)
  14 ogres
  11 centaurs
  4 lemures (D:8)
  4 kobold brigands
  3 phantoms
  16 bullfrogs
  6 gnoll sergeants
  5 two-headed ogre simulacra (IceCv)
  5 scorpions
  A necrophage (D:8)
  A water moccasin zombie (D:6)
  8 wights
  5 killer bees (D:8)
  An elephant simulacrum (IceCv)
  Dowan (D:5)
  7 howler monkeys
  4 electric eels
  6 small abominations (Gauntlet)
  3 jellies
  A bullfrog zombie (D:6)
  4 hounds
  33 orc priests
  Crazy Yiuf (D:7)
  5 iguanas
  31 orc wizards
  6 hell rats (Lair:3)
  2 polar bear simulacra (IceCv)
  2 troll simulacra (IceCv)
  A spriggan simulacrum (IceCv)
  A wolf simulacrum (IceCv)
  35 gnolls
  3 adders
  A naga simulacrum (IceCv)
  4 white imps
  An ufetubus (D:6)
  2 worms
  2 dart slugs
  122 orcs
  5 endoplasms
  2 giant cockroaches
  13 goblins
  12 hobgoblins
  5 jackals
  5 quokkas
  6 ball pythons
  6 bats
  A frilled lizard (D:1)
  34 kobolds
  7 rats
  A butterfly (Lair:2)
887 creatures vanquished.

Vanquished Creatures (collateral kills)
  A skeletal warrior (D:15)
  An iron dragon zombie (D:15)
  A cyclops (D:15)
  A guardian mummy (D:15)
  7 foxfires
11 creatures vanquished.

Vanquished Creatures (others)
  An ufetubus (IceCv)
  6 ball lightnings (Spider:1)
  1598 foxfires
  18 fungi
  58 plants
  9 withered plants (D:15)
1690 creatures vanquished.

Grand Total: 2588 creatures vanquished

Notes
Turn   | Place    | Note
-------+----------+-------------------------------------------
     0 | D:1      | porpoise the Djinni Fire Elementalist began the quest for
                  | the Orb.
     0 | D:1      | porpoise set off with the following spells memorised:
                  | Foxfire, Scorch, Kindle Blastsparks, Inner Flame, Flame
                  | Wave.
     0 | D:1      | Reached XP level 1. HP: 15/15 MP: 0/0
   291 | D:1      | Reached XP level 2. HP: 22/22 MP: 0/0
   293 | D:1      | Reached skill level 1 in Fighting
   692 | D:1      | Reached XP level 3. HP: 23/27 MP: 0/0
   692 | D:1      | Learned a level 1 spell: Shock
  1015 | D:2      | Reached skill level 2 in Fighting
  1100 | D:2      | Reached XP level 4. HP: 30/33 MP: 0/0
  1338 | D:2      | Found a shadowy altar of Dithmenos.
  1796 | D:3      | Noticed a scorpion
  1796 | D:3      | Found a transporter.
  1804 | D:2      | Killed a scorpion
  1805 | D:2      | Reached skill level 3 in Fighting
  1805 | D:2      | Reached XP level 5. HP: 24/40 MP: 0/0
  1805 | D:2      | Learned a level 2 spell: Passwall
  2012 | D:3      | Found the +4 dagger "Morg" {pain, Will+ Int+5}
  2035 | D:3      | Noticed a kobold brigand
  2045 | D:3      | Noticed a small abomination
  2067 | D:3      | Found a transporter.
  2067 | D:3      | Found a one-way gate to the infinite horrors of the Abyss.
  2067 | D:3      | Noticed drewk1942's ghost (amateur DrEE)
  2320 | D:3      | Found a faded altar of an unknown god.
  2527 | D:4      | You are sucked into a shaft and drop 1 floor!
  2527 | D:5      | Entered Level 5 of the Dungeon
  2561 | D:5      | Identified the ring of Zyoleyd {rCorr AC+4 Str+4}
  2573 | D:5      | Reached XP level 6. HP: 43/46 MP: 0/0
  2603 | D:5      | Noticed an ogre
  2619 | D:5      | Killed an ogre
  2620 | D:5      | Reached skill level 4 in Fighting
  2754 | D:4      | Reached XP level 7. HP: 39/53 MP: 0/0
  2754 | D:4      | Learned a level 3 spell: Hailstorm
  2956 | D:4      | Found a staircase to the Ecumenical Temple.
  2987 | Temple   | Entered the Ecumenical Temple
  3569 | D:4      | Reached skill level 5 in Fighting
  4072 | D:5      | Reached skill level 5 in Spellcasting
  4144 | D:5      | Reached XP level 8. HP: 57/61 MP: 0/0
  4296 | D:5      | Found a white marble altar of Elyvilon.
  4296 | D:5      | Found a glowing silver altar of Zin.
  4296 | D:5      | Found a glowing golden altar of the Shining One.
  4360 | D:5      | Found a bloodstained altar of Trog.
  4444 | D:5      | Noticed Duvessa
  4462 | D:5      | Killed Duvessa
  4463 | D:5      | Reached skill level 6 in Fighting
  4514 | D:5      | Noticed Dowan
  4517 | D:5      | Killed Dowan
  4868 | D:5      | Identified the ring "Soewk" {rC- Str+3 Int+8 SInv}
  5450 | D:6      | Identified the +10 rapier "Doweuss" {vorpal, Int+2}
  5522 | D:6      | Reached skill level 7 in Fighting
  5612 | D:6      | Reached XP level 9. HP: 65/68 MP: 0/0
  5612 | D:6      | Learned a level 4 spell: Animate Armour
  6022 | D:6      | Noticed a troll
  6022 | D:6      | Noticed a manticore
  6030 | D:6      | Killed a troll
  6031 | D:6      | Reached skill level 8 in Fighting
  6287 | D:6      | Killed a manticore
  6288 | D:6      | Reached skill level 9 in Fighting
  6305 | D:6      | Reached skill level 1 in Short Blades
  6379 | D:6      | Found a sparkling altar of Nemelex Xobeh.
  6460 | D:6      | Reached XP level 10. HP: 75/78 MP: 0/0
  6611 | D:6      | Found a basalt altar of Yredelemnul.
  6683 | D:7      | Noticed Menkaure
  6686 | D:7      | Killed Menkaure
  6777 | D:7      | Noticed a +0 falchion
  6777 | D:7      | Noticed a +0 dagger
  6778 | D:7      | Noticed a +0 falchion
  6780 | D:7      | Noticed a +0 spear
  6781 | D:7      | Noticed a +0 spear
  6811 | D:7      | Reached skill level 5 in Dodging
  6900 | D:7      | Noticed Maggie
  6909 | D:7      | Killed Maggie
  6928 | D:7      | Reached skill level 1 in Shields
  7017 | D:7      | Found a stormy altar of Qazlal.
  7177 | D:7      | Noticed a +0 dagger
  7179 | D:7      | Noticed a +0 short sword
  7180 | D:7      | Noticed a +0 short sword
  7202 | D:7      | Found a hide-covered altar of Uskayaw.
  7566 | D:7      | Found a runed translucent door.
  7567 | D:7      | Noticed Crazy Yiuf
  7573 | D:7      | Killed Crazy Yiuf
  7730 | D:8      | Noticed Prince Ribbit
  7741 | D:8      | Killed Prince Ribbit
  7781 | D:8      | Found a runed translucent gate.
  7781 | D:8      | Found a runed translucent gate.
  7781 | D:8      | Found a runed translucent gate.
  7796 | D:8      | Noticed Darkkill's ghost (novice MiHu)
  7804 | D:8      | Noticed a cyan ugly thing
  7823 | D:8      | Found a flagged portal.
  7846 | Bailey   | Entered a bailey
  8042 | Bailey   | Noticed an orc high priest
  8104 | Bailey   | Reached XP level 11. HP: 72/84 MP: 0/0
  8104 | Bailey   | Learned a level 4 spell: Anguish
  8494 | Bailey   | Reached skill level 10 in Fighting
  8494 | Bailey   | Reached skill level 5 in Shields
  8590 | Bailey   | Acquired a manual of Evocations
  8615 | Bailey   | Identified the +1 plate armour of Inquiry {rPois Str+3}
  8624 | Bailey   | Found an iron altar of Okawaru.
  8635 | Bailey   | Noticed a soul eater
  8635 | Bailey   | Noticed a sixfirhy
  8648 | Bailey   | Noticed a soul eater
  8649 | Bailey   | Killed an orc high priest
  8930 | D:8      | Acquired a +1 hat of intelligence
  9056 | D:8      | Acquired the ring "Cupne" {rF+ Str+6 Int+6}
  9086 | D:8      | Noticed Pikel
  9095 | D:8      | Killed Pikel
  9257 | D:8      | Noticed a tengu warrior
  9257 | D:8      | Noticed a tengu warrior
  9279 | D:8      | Killed a tengu warrior
  9286 | D:8      | Killed a tengu warrior
  9658 | D:8      | Reached skill level 11 in Fighting
 10101 | D:8      | Found a broken altar of Ashenzari.
 10279 | D:9      | Found a staircase to the Lair.
 10305 | D:9      | Reached XP level 12. HP: 82/94 MP: 0/0
 10326 | D:9      | Reached skill level 5 in Armour
 10392 | D:9      | Noticed a centaur warrior
 10398 | D:9      | Killed a centaur warrior
 10472 | D:9      | Noticed a two-headed ogre
 10493 | D:9      | Killed a two-headed ogre
 10494 | D:9      | Reached skill level 12 in Fighting
 10624 | D:9      | Noticed a two-headed ogre
 10631 | D:9      | Killed a two-headed ogre
 10780 | D:9      | Noticed a centaur warrior
 10786 | D:9      | Killed a centaur warrior
 10920 | D:9      | Found a burning altar of Makhleb.
 10920 | D:9      | Found a shadowy altar of Dithmenos.
 10921 | D:9      | Found a blossoming altar of Fedhas.
 10931 | D:9      | Became a worshipper of Makhleb the Destroyer
 11379 | Lair:1   | Entered Level 1 of the Lair of Beasts
 11438 | Lair:1   | Reached skill level 5 in Evocations
 11707 | Lair:1   | Reached XP level 13. HP: 68/101 MP: 0/0
 11707 | Lair:1   | Learned a level 5 spell: Silence
 12416 | D:10     | Entered Level 10 of the Dungeon
 12576 | D:10     | Reached * piety under Makhleb
 12662 | D:10     | Reached skill level 1 in Invocations
 12807 | D:10     | Found Xecsarei's Antique Armour Boutique.
 13200 | Lair:2   | Reached ** piety under Makhleb
 14214 | Lair:3   | Reached skill level 13 in Fighting
 14214 | Lair:3   | Reached skill level 5 in Invocations
 14216 | Lair:3   | Reached XP level 14. HP: 87/110 MP: 0/0
 14220 | Lair:3   | Reached *** piety under Makhleb
 14441 | Lair:3   | Reached skill level 5 in Short Blades
 14681 | Lair:3   | Found a hole to the Spider Nest.
 14861 | Lair:3   | Identified the +3 ring mail of the Evil One {+Blink rC+
                  | Will+ Int+2}
 14971 | Lair:3   | Identified the +4 leather armour of Joppul {rC+ Str+6
                  | Dex-4}
 15061 | Lair:3   | Found a staircase to the Shoals.
 15323 | Lair:3   | Reached **** piety under Makhleb
 15821 | Lair:4   | Reached skill level 14 in Fighting
 17104 | D:11     | Noticed Josephine
 17112 | D:11     | Killed Josephine
 17180 | D:11     | Found a transporter.
 17182 | D:11     | Found a transporter.
 17188 | D:11     | Found a corrupted altar of Lugonu.
 17397 | D:12     | Found a staircase to the Orcish Mines.
 17430 | D:12     | Reached XP level 15. HP: 111/118 MP: 0/0
 17430 | D:12     | Learned a level 6 spell: Eringya's Noxious Bog
 17436 | D:12     | Reached ***** piety under Makhleb
 17604 | D:12     | Found Gefisuh's Demolitions Depot.
 17768 | D:12     | Bought a scroll of immolation for 52 gold pieces
 17768 | D:12     | Bought a wand of mindburst (10) for 182 gold pieces
 17971 | D:12     | Found Muirigh's Mass Market.
 18150 | D:13     | Found a frozen archway.
 18156 | IceCv    | Entered an ice cave
 19044 | IceCv    | Noticed a reaper
 19213 | IceCv    | Killed a reaper
 20179 | D:14     | Reached skill level 15 in Fighting
 21034 | D:14     | Found Fugut's Magic Scroll Shop.
 21046 | D:14     | Bought a scroll of identify for 30 gold pieces
 21046 | D:14     | Bought a scroll of identify for 30 gold pieces
 21046 | D:14     | Bought a scroll of immolation for 60 gold pieces
 21046 | D:14     | Bought a scroll of magic mapping for 112 gold pieces
 21182 | D:14     | HP: 3/120 [very large slime creature[a boggart] (38)]
 21490 | D:14     | Found a gate to the Vaults.
 21666 | D:15     | Entered Level 15 of the Dungeon
 21703 | D:15     | Found a staircase to the Depths.
 21725 | D:15     | Reached skill level 10 in Spellcasting
 21964 | D:15     | Found a gate leading to a gauntlet.
 21969 | Gauntlet | Entered a Gauntlet
 21969 | Gauntlet | Found a transporter.
 21978 | Gauntlet | Found a transporter.
 21983 | Gauntlet | Found a transporter.
 21985 | Gauntlet | Found a transporter.
 21986 | Gauntlet | Found a transporter.
 21987 | Gauntlet | Found a transporter.
 21991 | Gauntlet | Found a runed translucent door.
 21993 | Gauntlet | Found a runed translucent door.
 21995 | Gauntlet | Found a transporter.
 22010 | Gauntlet | Found a transporter.
 22075 | Gauntlet | Found a transporter.
 22092 | Gauntlet | Found a transporter.
 22095 | Gauntlet | Found a transporter.
 22116 | Gauntlet | Found a transporter.
 22240 | Gauntlet | Reached ****** piety under Makhleb
 22354 | Gauntlet | Identified the -2 helmet of Spite {Dex+3}
 22444 | Gauntlet | Identified the +0 scale mail "Limess" {rF+++ rC- rCorr
                  | Int+3}
 22449 | Gauntlet | Identified the ring of Maristrem {rF+ rCorr}
 22472 | Gauntlet | Identified the +8 morningstar "Zoshrut" {flame, rF++}
 22572 | Gauntlet | Got Vehumet's Grimoire of the Impact
 22574 | Gauntlet | Identified the +1 leather armour of Action {rF+ rN+ Str-4
                  | Int+2}
 23077 | D:15     | Noticed Kirke
 23085 | D:15     | Reached XP level 16. HP: 118/126 MP: 0/0
 23086 | D:15     | Killed Kirke
 23514 | Orc:1    | Entered Level 1 of the Orcish Mines
 23622 | Orc:1    | Noticed Moerroh's ghost (journeyman MiFi)
 23641 | Orc:1    | Found a transporter.
 23647 | Orc:1    | Found a transporter.
 24117 | Orc:1    | Found a bloodstained altar of Trog.
 24292 | Orc:2    | Entered Level 2 of the Orcish Mines
 25081 | Orc:2    | Found Iskiy's Assorted Antiques.
 25119 | Orc:2    | Found Cunecry's Weapon Boutique.
 25241 | Orc:2    | Bought 3 silver javelins for 86 gold pieces
 25302 | Orc:2    | Reached skill level 10 in Short Blades
 25757 | Orc:2    | Found a staircase to the Elven Halls.
 26626 | Orc:2    | Found Qiezocs's Distillery.
 26634 | Orc:2    | Bought 2 potions of resistance for 260 gold pieces
 26777 | Orc:2    | Found Jilus's Magic Scroll Boutique.
 26789 | Orc:2    | Bought a scroll of poison for 48 gold pieces
 26789 | Orc:2    | Bought a scroll of magic mapping for 90 gold pieces
 27028 | Lair:5   | Entered Level 5 of the Lair of Beasts
 27060 | Lair:5   | Reached skill level 1 in Throwing
 28073 | Lair:5   | Found a staircase to the Slime Pits.
 28074 | Lair:5   | Acquired a +1 demon blade of venom
 28471 | Spider:1 | Entered Level 1 of the Spider Nest
 28482 | Spider:1 | Noticed an emperor scorpion
 28498 | Spider:1 | Killed an emperor scorpion
 28674 | Spider:1 | Reached XP level 17. HP: 115/131 MP: 0/0
 28674 | Spider:1 | Learned a level 6 spell: Conjure Ball Lightning
 29519 | Spider:1 | Noticed Frances
 29526 | Spider:1 | Killed Frances
 29809 | Spider:1 | Identified the +1 leather armour "Gueras" {-Cast Harm
                  | +Blink Dex-2}
 29824 | Spider:1 | Noticed Aizul
 29837 | Spider:1 | HP: 3/131 [spore (35)]
 29840 | Spider:1 | Killed themself with a badly aimed burst of rock shards

Illustrated notes

Levels and vault maps discovered:
D:1:      roderic_dead_forest, layout_basic
D:2:      layout_basic, basic_altar, nicolae_kite_square_tiling_tiny
D:3:      kennysheep_the_goblin_king, layout_rooms,
          nicolae_ecumenical_lake_church, gammafunk_ghost_abyssal_escape
D:4:      layout_cave_pods, minmay_temple_entry_overgrown,
          minmay_tree_intersection
D:5:      layout_basic, dreamdust_divine_triumvirate,
          gammafunk_temple_overflow_pools, uniq_duvessa
D:6:      cheibrodos_barr_body, layout_cave_pools,
          lemuel_zombie_altar_yredelemnul, mainiacjoe_overflow_brackets,
          serial_column_ruins, column_ruins_circle_medium, column_ruins_grid_2,
          column_ruins_open_medium, column_ruins_grid_1,
          column_ruins_open_small, column_ruins_open_small,
          column_ruins_columns_straight, hangedman_decor_growths
D:7:      layout_basic, nicolae_uskayaw_en_pointe,
          mainiacjoe_overflow_small_starburst, uniq_crazy_yiuf_cottage,
          uniq_menkaure, uniq_maggie
D:8:      layout_cave_pools, kennysheep_orc_sif_temple, general_overflow_altar,
          gammafunk_ghost_split, enter_bailey_2, serial_bayou_pond_b,
          grunt_potential, uniq_prince_ribbit1, uniq_pikel
D:9:      minmay_the_grid_four_pointed_star [minmay_the_grid_triangle_9x9_empty,
          minmay_the_grid_triangle_9x9_alien,
          minmay_the_grid_triangle_9x9_checkered,
          minmay_the_grid_triangle_9x9_sparse_checkered,
          minmay_the_grid_prize_big_room], layout_long_grid,
          gammafunk_temple_overflow_claw, lair_entry_dummy
D:10:     layout_rooms, serial_curves, eino_curves_02, eino_curves_04,
          nicolae_inconvenience_store
D:11:     gammafunk_corrupted_shrine, layout_cross, uniq_josephine
D:12:     layout_loops_cross, minmay_orc_entry_temple_small,
          nicolae_blasting_shop, minmay_shop_mass
D:13:     layout_roguey, portal_ice_cave_entry_pillars_2
D:14:     layout_loops_ring, david_vaults_5, serial_shops, shop_statue,
          special_room [special_room_orc]
D:15:     gammafunk_depths_entry_grave, layout_loops_cross,
          gauntlet_entry_generic, minmay_misc_feat_x, uniq_kirke
Temple:   hellmonk_temple_forest_ring
Lair:1:   layout_regular_city
Lair:2:   layout_gridlike, lemuel_fruit_fields
Lair:3:   layout_regular_city, minmay_shoals_entry_lonely_mermaid,
          spider_nest_entry_webs, grunt_megastairs_4
Lair:4:   layout_concentric_octagons
Lair:5:   gammafunk_lair_ancient_temple, layout_regular_city, slime_entry_1
Spider:1: layout_chambers, nicolae_spider_baby_got_redback, uniq_aizul,
          uniq_frances
Orc:1:    layout_caves, gammafunk_ghost_wrathful_warriors
Orc:2:    pubby_orc_utopia

Skill      XL: |  1  2  3  4  5  6  7  8  9 10 11 12 13 14 15 16 17 |
---------------+----------------------------------------------------+-----
Fighting       | 1 2 3 4 5 7 9 11 12 13 14 15 | 15.0
Spellcasting   | 3 4 5 6 7 8 9 10 12 | 12.0
Short Blades   | 2 4 7 9 10 | 10.0
Dodging        | 3 7 8 9 |  9.8
Shields        | 4 5 6 7 |  7.0
Armour         | 4 5 7 |  7.0
Evocations     | 6 7 9 |  9.0
Invocations    | 5 7 8 9 |  9.7
Throwing       | 3 4 |  4.6
Stealth        | |  1.5

Action                   |  1- 3 |  4- 6 |  7- 9 | 10-12 | 13-15 | 16-18 || total
-------------------------+-------+-------+-------+-------+-------+-------++-------
Melee: Unarmed           |     4 |    21 |       |       |       |       ||    25
       Dagger            |     9 |    15 |    12 |       |       |       ||    36
       Rapier            |       |       |     7 |    94 |   215 |    93 ||   409
       Staff             |       |       |       |       |    17 |    16 ||    33
Throw: Dart              |       |     1 |       |     2 |     6 |     6 ||    15
       Throwing net      |       |       |       |     1 |       |       ||     1
       Javelin           |       |       |       |     1 |       |       ||     1
 Cast: Foxfire           |    40 |    53 |    91 |   192 |   271 |   276 ||   923
       Scorch            |     1 |    12 |    32 |    98 |   142 |   104 ||   389
       Hailstorm         |       |       |     7 |    17 |     7 |    10 ||    41
       Kindle Blastspark |       |       |     1 |       |     1 |       ||     2
       Shock             |       |       |    10 |       |       |     1 ||    11
       Flame Wave        |       |       |     2 |    37 |   100 |    77 ||   216
       Inner Flame       |       |       |     1 |       |     1 |     1 ||     3
       Animate Armour    |       |       |     1 |       |     2 |     1 ||     4
       Anguish           |       |       |       |     1 |     9 |     5 ||    15
       Eringya's Noxious |       |       |       |       |     2 |     2 ||     4
       Silence           |       |       |       |       |     1 |       ||     1
       Conjure Ball Ligh |       |       |       |       |       |     2 ||     2
Evoke: Wand              |       |       |       |     2 |     9 |     4 ||    15
  Use: Potion            |       |     1 |     2 |     2 |     4 |       ||     9
       Scroll            |       |       |     9 |    18 |    12 |     3 ||    42
 Stab: Sleeping          |       |     1 |       |       |     1 |       ||     2
       Invisible         |       |       |       |       |     2 |       ||     2
Armor: Robe              |     7 |    14 |    20 |     4 |       |       ||    45
       Skin              |       |    56 |       |       |       |       ||    56
       Acid dragon scale |       |       |       |    78 |    63 |       ||   141
       Ring mail         |       |       |       |       |   110 |   112 ||   222
Dodge: Dodged            |    18 |    24 |    23 |   141 |   373 |   245 ||   824
Block: Buckler           |     1 |    12 |     9 |    91 |   243 |   150 ||   506

Table legend: (Time is in decaauts)
 A = Elapsed time spent in this place.
 B = Non-inter-level travel time spent in this place.
 C = Inter-level travel time spent in this place.
 D = Time resting spent in this place.
 E = Time spent auto-exploring this place.
 F = Levels seen in this place.
 G = Mean time per level.
                   A        B        C        D        E       F      G
               +--------+--------+--------+--------+--------+-----+--------+
         Total |  29829 |  28248 |   1581 |   8626 |  12520 |  27 | 1104.8 |
       Dungeon |  15320 |  14217 |   1103 |   3615 |   7230 |  15 | 1021.3 |
        Temple |    158 |    140 |     18 |      0 |    132 |   1 |  158.0 |
          Lair |   6592 |   6214 |    378 |   1598 |   3245 |   5 | 1318.4 |
   Spider Nest |   1372 |   1372 |      0 |    683 |    425 |   1 | 1372.0 |
  Orcish Mines |   3317 |   3236 |     81 |   1229 |   1232 |   2 | 1658.5 |
        Bailey |   1083 |   1083 |      0 |    490 |     23 |   1 | 1083.0 |
      Ice Cave |   1360 |   1360 |      0 |    810 |    124 |   1 | 1360.0 |
      Gauntlet |    625 |    625 |      0 |    200 |    109 |   1 |  625.0 |
               +--------+--------+--------+--------+--------+-----+--------+

Top non-repeatable levels by time:
   Orc:2: 2537 daAuts
     D:5: 1672 daAuts
    D:14: 1453 daAuts
  Lair:4: 1398 daAuts
  Lair:1: 1395 daAuts
     D:9: 1375 daAuts
Spider:1: 1372 daAuts
  Lair:3: 1366 daAuts
   IceCv: 1360 daAuts
  Lair:5: 1305 daAuts
     D:6: 1288 daAuts
     D:8: 1245 daAuts
     D:7: 1178 daAuts
  Lair:2: 1126 daAuts
  Bailey: 1083 daAuts
